 Dungeon Crawl Stone Soup version 0.11.3 (webtiles) character file.

107 kuralesov1213 the Scratcher (level 2, -1/12 HPs)
             Began as a Felid Transmuter on Nov 17, 2021.
             Slain by a goblin (2 damage)
             ... on Level 1 of the Dungeon.
             The game lasted 00:08:32 (878 turns).

kuralesov1213 the Scratcher (Felid Transmuter)       Turns: 878, Time: 00:08:32

HP  -1/12        AC  1     Str  6      XL: 2   Next: 60%
MP   3/4         EV 18     Int 14      God:
Gold 87          SH  0     Dex 16      Spells:  1 memorised,  4 levels left
Lives: 0, deaths: 0

Res.Fire  : . . .   See Invis. : +     - Unarmed
Res.Cold  : . . .   Warding    : .   (armour unavailable)
Life Prot.: . . .   Conserve   : .   (shield unavailable)
Res.Poison: .       Res.Corr.  : .   (helmet unavailable)
Res.Elec. : .       Clarity    : .   (cloak unavailable)
Sust.Abil.: . .     Spirit.Shd : .   (gloves unavailable)
Res.Mut.  : .       Stasis     : .   (boots unavailable)
Res.Rott. : .       Ctrl.Telep.: .   (no amulet)
Saprovore : . . .   Levitation : .   (no ring) Ctrl.Flight: .
                                     (no ring)

@: appendage, quick, slightly resistant to hostile enchantments, fairly stealthy
A: paw claws, no armour, no advanced items, fangs 3, horns 2, see invisible,
carnivore 3, speed 1, slow metabolism 1, AC +1
a: End Transformation


You were on level 1 of the Dungeon.
You were not hungry.
You had grown temporary horns.
You visited 1 branch of the dungeon, and saw 1 of its levels.

You collected 67 gold pieces.

Inventory:

Hand weapons
 i - a +0,+0 dagger
Missiles
 b - 12 arrows
 f - 8 needles of sleeping
 k - 2 darts
Armour
 e - a +1 dwarven ring mail
Comestibles
 a - a meat ration
 g - a slice of pizza
Scrolls
 c - a scroll of identify {unknown}
 l - a scroll of enchant weapon I {unknown}
Potions
 h - a potion of restore abilities {unknown}
Books
 d - a book of Changes

   Spells                             Type                      Level
   *Beastly Appendage                 Transmutation                1
   Sticks to Snakes                   Transmutation                2
   Spider Form                        Transmutation/Poison         3
   Ice Form                           Ice/Transmutation            4
   Blade Hands                        Transmutation                5
Carrion
 j - a goblin corpse


   Skills:
 + Level 1.1 Fighting
 + Level 3.1 Dodging
 + Level 0.4 Traps & Doors
 + Level 3.3 Unarmed Combat
 + Level 2.2 Spellcasting
 + Level 2.4 Transmutations


You had 4 spell levels left.
You knew the following spells:

 Your Spells              Type           Power        Failure   Level  Hunger
a - Beastly Appendage     Trmt           ##.....      10%         1    #......


Dungeon Overview and Level Annotations

Branches:
Dungeon (1/27)

Altars:


Innate Abilities, Weirdness & Mutations

You cannot wear armour.
You are incapable of any advanced item manipulation.
Your paws have sharp claws.
You have razor-sharp teeth.
You have supernaturally acute eyesight.
You are carnivorous and can eat meat at any time.
You cover ground quickly.
You are covered in fur (AC +1).
You have a slow metabolism.
You have a pair of horns on your head.


Message History

You scratch the goblin.
The goblin begins to bleed from its wounds!
The goblin is heavily wounded.
The goblin barely misses you.
The hobgoblin hits you with an orcish club.
Ouch! That really hurt!
* * * LOW HITPOINT WARNING * * *
Sorry, you're not good enough to have a special ability.
Casting: Beastly Appendage
Confirm with . or Enter, or press ? or * to list all spells.
You grow a pair of large bovine horns.
The goblin closely misses you. The hobgoblin completely misses you.
You scratch the hobgoblin.
You kill the hobgoblin!
The goblin barely misses you. The goblin completely misses you.
You see here a rat corpse.
You closely miss the goblin.
The goblin is heavily wounded.
The goblin hits you.
You die...

#.........# #.# #
#.........#######.###
#....................
#.##.############.###
#.##.# #.# # #.##.#
#.# # #.##.# #.# #
#.##.# #.# #
##.##@###### #.# #
#...)gg....# #.# #
#.....>....# #.# #
#..........# #.###
#.......?.!# #.##.
#..........# #.##.
#..>.......# #.##.
#.......... #.##.
......... #.###


You could see 2 goblins.

Vanquished Creatures
  A worm (D:1)
  2 giant cockroaches (D:1)
  2 hobgoblins (D:1)
  A ball python (D:1)
  2 bats (D:1)
  A giant newt (D:1)
  4 goblins (D:1)
  A kobold (D:1)
  3 rats (D:1)
  A toadstool (D:1)
18 creatures vanquished.

Notes
Turn   | Place    | Note
--------------------------------------------------------------
     0 | D:1      | kuralesov1213, the Felid Transmuter, began the quest for the Orb.
     0 | D:1      | Reached XP level 1. HP: 9/9 MP: 2/2
   485 | D:1      | Reached XP level 2. HP: 4/12 MP: 4/4
   878 | D:1      | Slain by a goblin
